[ PARTIDA AOE2 · #483208881 ]
UnrankedVietnamitas vs Celts
[ ANÁLISIS DE REPETICIÓN · EXTRAÍDO DE LA PARTIDA GRABADA ]
Feudal
11:56
Castillos
20:27
Imperial
39:51
| APM promedio | 41.1 |
| APM pico | 107 |
| eAPM promedio | 22.2 |
| Aldeanos / militares | 223 / 258 |
Foco
⚔️ 42.1% · 🌾 57.9%
Archer ×249 · Militia ×4 · Battering Ram ×3 · Monk ×2
Feudal
9:58
Castillos
22:11
Imperial
—
| APM promedio | 29.1 |
| APM pico | 69 |
| eAPM promedio | 10.7 |
| Aldeanos / militares | 78 / 22 |
Foco
⚔️ 31.2% · 🌾 68.8%
Woad Raider ×6 · Militia ×4 · Mangonel ×3 · Cavalry Archer ×3 · Spearman ×2 · Skirmisher ×2
Feudal
11:22
Castillos
16:42
Imperial
36:38
| APM promedio | 15.4 |
| APM pico | 37 |
| eAPM promedio | 12.4 |
| Aldeanos / militares | 101 / 118 |
Foco
⚔️ 28.5% · 🌾 71.5%
Knight ×100 · Trade Cart ×30 · Spearman ×10 · Bombard Cannon ×7 · Monk ×1
Feudal
11:33
Castillos
16:49
Imperial
—
| APM promedio | 24.3 |
| APM pico | 92 |
| eAPM promedio | 10.5 |
| Aldeanos / militares | 102 / 76 |
Foco
⚔️ 22.1% · 🌾 77.9%
Skirmisher ×49 · Knight ×24 · Militia ×2 · Spearman ×1
Feudal
9:18
Castillos
24:13
Imperial
41:44
| APM promedio | 38.3 |
| APM pico | 100 |
| eAPM promedio | 13.9 |
| Aldeanos / militares | 123 / 125 |
Foco
⚔️ 16.8% · 🌾 83.2%
Cavalry Archer ×113 · Scout Cavalry ×10 · Mangonel ×2
Feudal
10:57
Castillos
19:37
Imperial
36:23
| APM promedio | 17.2 |
| APM pico | 37 |
| eAPM promedio | 10.5 |
| Aldeanos / militares | 119 / 175 |
Foco
⚔️ 30.8% · 🌾 69.2%
Spearman ×88 · Scorpion ×73 · Battering Ram ×14
Feudal
—
Castillos
—
Imperial
—
| APM promedio | 34.9 |
| APM pico | 80 |
| eAPM promedio | 13.1 |
| Aldeanos / militares | 126 / 96 |
Foco
⚔️ 15.6% · 🌾 84.4%
Knight ×52 · Camel Scout ×25 · Scout Cavalry ×8 · Scorpion ×4 · Monk ×2 · Mangonel ×2
Feudal
11:35
Castillos
20:17
Imperial
42:58
| APM promedio | 20.4 |
| APM pico | 44 |
| eAPM promedio | 14.6 |
| Aldeanos / militares | 145 / 140 |
Foco
⚔️ 35.2% · 🌾 64.8%
Spearman ×55 · Woad Raider ×54 · Battering Ram ×31
Mapa de la partida
Recursos iniciales + cada clic de construcción. Líneas = muros · curvas = relieve. ◆ oro · ⬟ piedra · ● bayas · ✦ reliquia · ◌ hueco del cierre
Tu base· ✓ Cerrada en 20:27 · 27t muro · 2 puerta(s)
Base de zzbs1234· Abierta — el rival se encerró
Base de TheYolis· Abierta — flanco sin cerrar
Base de dannyicecold69· Abierta — flanco sin cerrar
Base de Harold Baron· ✓ Cerrada en 24:13 · 34t muro · 2 puerta(s)
Base de douchesupreme· Abierta — flanco sin cerrar
Base de nicocatala1988· Abierta — el rival se encerró
Base de EL PELUCHE GUACHIN· ✓ Cerrada en 20:17 · 48t muro · 1 puerta(s)
Terreno inicial suavizado · ◌ = hueco del cierre detectado · pasá el cursor para detalles
Inputs por minuto
— TVHG.llavero maldito - - zzbs1234
Build order — TVHG.llavero maldito
Primeras 150 de 434 acciones detectadas
| 0:01 | Crear | Villager (Male) |
| 0:01 | Crear | Villager (Male) |
| 0:02 | Crear | Villager (Male) |
| 0:02 | Crear | Villager (Male) |
| 0:02 | Crear | Villager (Male) |
| 0:02 | Crear | Villager (Male) |
| 0:03 | Construir | House |
| 0:04 | Construir | House |
| 1:43 | Crear | Villager (Male) |
| 1:58 | Crear | Villager (Male) |
| 1:58 | Crear | Villager (Male) |
| 2:19 | Crear | Villager (Male) |
| 2:19 | Crear | Villager (Male) |
| 2:43 | Crear | Villager (Male) |
| 2:44 | Crear | Villager (Male) |
| 3:25 | Construir | Lumber Camp |
| 3:27 | Crear | Villager (Male) |
| 3:27 | Crear | Villager (Male) |
| 3:28 | Crear | Villager (Male) |
| 3:48 | Crear | Villager (Male) |
| 3:48 | Crear | Villager (Male) |
| 4:06 | Crear | Villager (Male) |
| 4:27 | Construir | House |
| 4:29 | Crear | Villager (Male) |
| 4:29 | Crear | Villager (Male) |
| 4:38 | Crear | Villager (Male) |
| 4:39 | Crear | Villager (Male) |
| 4:45 | Investigar | Loom |
| 4:47 | Crear | Villager (Male) |
| 4:47 | Crear | Villager (Male) |
| 5:02 | Crear | Villager (Male) |
| 5:03 | Crear | Villager (Male) |
| 5:11 | Construir | House |
| 5:23 | Crear | Villager (Male) |
| 6:07 | Crear | Villager (Male) |
| 6:08 | Crear | Villager (Male) |
| 6:47 | Crear | Villager (Male) |
| 6:48 | Crear | Villager (Male) |
| 6:48 | Crear | Villager (Male) |
| 7:01 | Construir | Mining Camp |
| 7:12 | Construir | House |
| 7:25 | Construir | Palisade Wall |
| 7:28 | Crear | Villager (Male) |
| 7:34 | Construir | House |
| 7:36 | Crear | Villager (Male) |
| 7:40 | Crear | Villager (Male) |
| 7:42 | Crear | Villager (Male) |
| 7:42 | Crear | Villager (Male) |
| 7:44 | Crear | Villager (Male) |
| 8:10 | Crear | Villager (Male) |
| 8:13 | Construir | House |
| 8:19 | Construir | Palisade Wall |
| 8:53 | Construir | Barracks |
| 8:56 | Crear | Villager (Male) |
| 9:29 | Construir | House |
| 9:30 | Construir | Palisade Wall |
| 9:40 | Investigar | Feudal Age |
| 10:00 | Construir | Palisade Wall |
| 10:08 | Crear | Militia |
| 10:09 | Crear | Militia |
| 10:09 | Crear | Militia |
| 10:29 | Construir | Mill |
| 10:30 | Crear | Villager (Male) |
| 10:48 | Crear | Militia |
| 11:02 | Construir | Palisade Gate |
| 11:05 | Crear | Villager (Male) |
| 11:10 | Construir | Farm |
| 11:25 | Construir | House |
| 11:28 | Construir | Palisade Gate |
| 11:29 | Construir | Palisade Wall |
| 11:31 | Crear | Villager (Male) |
| 11:56 | Edad | Edad Feudal |
| 11:57 | Investigar | Man-at-Arms (upgrade) |
| 11:57 | Investigar | Man-at-Arms (upgrade) |
| 12:01 | Crear | Villager (Male) |
| 12:03 | Construir | Farm |
| 12:08 | Investigar | Double-Bit Axe |
| 12:10 | Crear | Villager (Male) |
| 12:14 | Crear | Villager (Male) |
| 12:17 | Crear | Villager (Male) |
| 12:20 | Construir | Palisade Wall |
| 12:22 | Construir | Farm |
| 12:23 | Construir | Farm |
| 12:28 | Construir | Farm |
| 12:39 | Crear | Villager (Male) |
| 12:49 | Construir | Farm |
| 13:02 | Crear | Villager (Male) |
| 13:04 | Construir | Farm |
| 13:12 | Crear | Villager (Male) |
| 13:21 | Investigar | Horse Collar |
| 13:32 | Crear | Villager (Male) |
| 13:50 | Investigar | Wheelbarrow |
| 13:50 | Investigar | Wheelbarrow |
| 13:50 | Investigar | Wheelbarrow |
| 14:34 | Crear | Villager (Male) |
| 14:38 | Construir | Farm |
| 14:38 | Construir | Farm |
| 14:38 | Construir | Farm |
| 14:42 | Crear | Villager (Male) |
| 14:44 | Construir | Farm |
| 14:52 | Construir | House |
| 14:57 | Crear | Villager (Male) |
| 15:04 | Crear | Villager (Male) |
| 15:07 | Crear | Villager (Male) |
| 15:14 | Construir | Palisade Wall |
| 15:20 | Crear | Villager (Male) |
| 15:30 | Crear | Villager (Male) |
| 15:34 | Construir | Market |
| 15:47 | Crear | Villager (Male) |
| 15:47 | Crear | Villager (Male) |
| 15:53 | Construir | Farm |
| 16:00 | Crear | Villager (Male) |
| 16:48 | Crear | Villager (Male) |
| 17:15 | Construir | Blacksmith |
| 17:17 | Crear | Villager (Male) |
| 17:24 | Crear | Villager (Male) |
| 17:33 | Crear | Villager (Male) |
| 17:45 | Investigar | Castle Age |
| 17:56 | Construir | Lumber Camp |
| 18:03 | Crear | Villager (Male) |
| 18:09 | Crear | Villager (Male) |
| 18:12 | Investigar | Fletching |
| 18:22 | Investigar | Gold Mining |
| 18:36 | Investigar | Forging |
| 18:48 | Crear | Villager (Male) |
| 18:53 | Construir | Archery Range |
| 19:14 | Crear | Villager (Male) |
| 19:19 | Construir | Archery Range |
| 19:22 | Crear | Villager (Male) |
| 19:28 | Construir | Archery Range |
| 19:37 | Crear | Villager (Male) |
| 19:47 | Crear | Villager (Male) |
| 19:59 | Crear | Villager (Male) |
| 20:07 | Crear | Archer ×5 |
| 20:23 | Construir | Archery Range |
| 20:27 | Edad | Edad de los Castillos |
| 20:31 | Crear | Villager (Male) |
| 20:36 | Investigar | Bodkin Arrow |
| 20:38 | Investigar | Crossbowman (upgrade) |
| 21:06 | Crear | Villager (Male) |
| 21:23 | Crear | Villager (Male) |
| 21:25 | Crear | Villager (Male) |
| 21:32 | Construir | Mining Camp |
| 21:44 | Crear | Archer ×5 |
| 21:46 | Investigar | Padded Archer Armor |
| 21:48 | Crear | Villager (Male) |
| 21:52 | Investigar | Bow Saw |
| 22:01 | Crear | Villager (Male) |
| 22:11 | Crear | Villager (Male) |
| 22:14 | Crear | Archer ×5 |
Build order — zzbs1234
Primeras 150 de 151 acciones detectadas
| 0:03 | Crear | Villager (Male) |
| 0:04 | Crear | Villager (Male) |
| 0:04 | Crear | Villager (Male) |
| 0:05 | Construir | House |
| 0:07 | Construir | House |
| 0:35 | Crear | Villager (Male) |
| 1:23 | Investigar | Loom |
| 2:06 | Crear | Villager (Male) |
| 2:06 | Crear | Villager (Male) |
| 2:06 | Crear | Villager (Male) |
| 2:10 | Crear | Villager (Male) |
| 3:38 | Crear | Villager (Male) |
| 3:48 | Crear | Villager (Male) |
| 3:49 | Crear | Villager (Male) |
| 4:12 | Construir | Lumber Camp |
| 4:27 | Crear | Villager (Male) |
| 4:27 | Crear | Villager (Male) |
| 4:27 | Crear | Villager (Male) |
| 4:27 | Crear | Villager (Male) |
| 4:34 | Construir | House |
| 5:26 | Crear | Villager (Male) |
| 5:26 | Crear | Villager (Male) |
| 5:26 | Crear | Villager (Male) |
| 5:47 | Crear | Villager (Male) |
| 5:48 | Crear | Villager (Male) |
| 6:12 | Construir | Mill |
| 6:52 | Construir | House |
| 7:01 | Crear | Villager (Male) |
| 7:46 | Investigar | Feudal Age |
| 8:20 | Construir | Barracks |
| 8:54 | Crear | Villager (Male) |
| 9:25 | Crear | Villager (Male) |
| 9:56 | Construir | House |
| 9:58 | Edad | Edad Feudal |
| 10:11 | Investigar | Double-Bit Axe |
| 10:56 | Crear | Villager (Male) |
| 10:56 | Crear | Villager (Male) |
| 10:56 | Crear | Villager (Male) |
| 11:25 | Construir | Farm |
| 11:30 | Construir | Farm |
| 11:39 | Construir | Archery Range |
| 11:55 | Investigar | Horse Collar |
| 11:59 | Construir | Farm |
| 12:08 | Construir | Mining Camp |
| 12:09 | Crear | Villager (Male) |
| 12:22 | Construir | House |
| 12:25 | Crear | Villager (Male) |
| 12:39 | Construir | Farm |
| 12:44 | Crear | Spearman |
| 13:01 | Crear | Villager (Male) |
| 13:05 | Construir | Farm |
| 13:07 | Construir | Farm |
| 13:07 | Crear | Villager (Male) |
| 13:29 | Construir | Farm |
| 13:55 | Construir | Mining Camp |
| 13:56 | Crear | Villager (Male) |
| 14:16 | Investigar | Man-at-Arms (upgrade) |
| 14:27 | Construir | Palisade Wall |
| 15:13 | Crear | Militia |
| 15:18 | Crear | Villager (Male) |
| 15:18 | Crear | Villager (Male) |
| 16:03 | Crear | Villager (Male) |
| 16:27 | Crear | Villager (Male) |
| 16:40 | Construir | Blacksmith |
| 16:58 | Crear | Villager (Male) |
| 17:06 | Construir | House |
| 17:10 | Construir | House |
| 17:24 | Construir | House |
| 17:32 | Crear | Villager (Male) |
| 17:47 | Crear | Villager (Male) |
| 18:02 | Crear | Villager (Male) |
| 18:02 | Crear | Villager (Male) |
| 18:28 | Construir | Farm |
| 18:29 | Construir | Farm |
| 18:59 | Construir | Farm |
| 19:14 | Construir | Farm |
| 19:28 | Crear | Villager (Male) |
| 19:31 | Investigar | Castle Age |
| 19:33 | Construir | Farm |
| 20:22 | Construir | Farm |
| 20:23 | Crear | Spearman |
| 20:28 | Crear | Archer |
| 20:40 | Crear | Villager (Male) |
| 21:32 | Construir | House |
| 21:40 | Construir | House |
| 21:54 | Crear | Villager (Male) |
| 22:11 | Edad | Edad de los Castillos |
| 22:16 | Construir | Castle |
| 23:13 | Crear | Militia |
| 23:13 | Crear | Militia |
| 23:13 | Crear | Militia |
| 23:21 | Investigar | Wheelbarrow |
| 23:31 | Crear | Skirmisher |
| 23:31 | Crear | Skirmisher |
| 23:34 | Crear | Cavalry Archer |
| 23:34 | Crear | Cavalry Archer |
| 23:35 | Crear | Cavalry Archer |
| 23:50 | Crear | Villager (Male) |
| 24:34 | Crear | Villager (Male) |
| 24:34 | Crear | Villager (Male) |
| 24:34 | Crear | Villager (Male) |
| 25:03 | Crear | Woad Raider |
| 25:03 | Crear | Woad Raider |
| 25:14 | Crear | Villager (Male) |
| 25:30 | Construir | Mining Camp |
| 26:18 | Crear | Villager (Male) |
| 26:18 | Crear | Villager (Male) |
| 27:13 | Construir | Siege Workshop |
| 27:14 | Crear | Villager (Male) |
| 27:14 | Crear | Villager (Male) |
| 28:00 | Crear | Villager (Male) |
| 28:00 | Crear | Villager (Male) |
| 28:12 | Crear | Mangonel |
| 28:12 | Crear | Mangonel |
| 28:16 | Crear | Villager (Male) |
| 28:17 | Crear | Villager (Male) |
| 28:38 | Construir | Lumber Camp |
| 28:40 | Crear | Villager (Male) |
| 28:40 | Crear | Villager (Male) |
| 29:19 | Crear | Woad Raider |
| 29:19 | Crear | Woad Raider |
| 29:53 | Crear | Villager (Male) |
| 29:53 | Crear | Villager (Male) |
| 30:06 | Crear | Petard |
| 30:28 | Crear | Woad Raider |
| 30:29 | Crear | Woad Raider |
| 30:49 | Crear | Mangonel |
| 30:52 | Crear | Villager (Male) |
| 30:52 | Crear | Villager (Male) |
| 30:53 | Crear | Villager (Male) |
| 31:37 | Crear | Villager (Male) |
| 31:37 | Crear | Villager (Male) |
| 31:38 | Construir | Farm |
| 31:38 | Construir | Farm |
| 31:39 | Crear | Villager (Male) |
| 31:40 | Crear | Villager (Male) |
| 31:56 | Crear | Villager (Male) |
| 31:56 | Crear | Villager (Male) |
| 32:16 | Crear | Villager (Male) |
| 32:16 | Crear | Villager (Male) |
| 32:21 | Construir | Farm |
| 32:22 | Crear | Villager (Male) |
| 32:22 | Crear | Villager (Male) |
| 32:35 | Crear | Villager (Male) |
| 32:45 | Crear | Villager (Male) |
| 32:48 | Construir | Farm |
| 33:01 | Crear | Villager (Male) |
| 33:28 | Crear | Villager (Male) |
| 33:28 | Crear | Villager (Male) |
| 33:29 | Construir | Farm |
Build order — TheYolis
Primeras 150 de 389 acciones detectadas
| 0:01 | Crear | Villager (Male) |
| 0:01 | Crear | Villager (Male) |
| 0:02 | Crear | Villager (Male) |
| 0:02 | Crear | Villager (Male) |
| 0:02 | Crear | Villager (Male) |
| 0:03 | Construir | House |
| 0:04 | Construir | House |
| 0:06 | Construir | House |
| 0:07 | Construir | House |
| 0:21 | Investigar | Loom |
| 1:21 | Construir | Mill |
| 1:34 | Crear | Villager (Male) |
| 2:16 | Crear | Villager (Male) |
| 2:35 | Crear | Villager (Male) |
| 2:35 | Crear | Villager (Male) |
| 3:02 | Crear | Villager (Male) |
| 3:27 | Crear | Villager (Male) |
| 3:27 | Crear | Villager (Male) |
| 3:43 | Crear | Villager (Male) |
| 3:59 | Crear | Villager (Male) |
| 4:00 | Crear | Villager (Male) |
| 4:41 | Crear | Villager (Male) |
| 4:41 | Crear | Villager (Male) |
| 4:42 | Crear | Villager (Male) |
| 5:13 | Crear | Villager (Male) |
| 5:14 | Crear | Villager (Male) |
| 6:01 | Crear | Villager (Male) |
| 6:02 | Crear | Villager (Male) |
| 6:32 | Construir | Mining Camp |
| 7:18 | Construir | Lumber Camp |
| 7:25 | Crear | Villager (Male) |
| 7:25 | Crear | Villager (Male) |
| 7:26 | Crear | Villager (Male) |
| 9:12 | Investigar | Feudal Age |
| 10:06 | Construir | Barracks |
| 10:15 | Construir | Mill |
| 10:26 | Construir | House |
| 10:27 | Construir | House |
| 10:28 | Construir | House |
| 10:30 | Construir | House |
| 10:52 | Crear | Villager (Male) |
| 10:52 | Crear | Villager (Male) |
| 10:53 | Crear | Villager (Male) |
| 10:53 | Crear | Villager (Male) |
| 10:54 | Crear | Villager (Male) |
| 11:22 | Edad | Edad Feudal |
| 11:32 | Construir | Market |
| 12:40 | Construir | Blacksmith |
| 12:48 | Construir | Stone Wall |
| 12:58 | Construir | Farm |
| 13:54 | Construir | Farm |
| 13:57 | Construir | Farm |
| 14:00 | Construir | Farm |
| 14:02 | Investigar | Castle Age |
| 14:13 | Construir | Farm |
| 14:35 | Construir | Farm |
| 14:39 | Construir | Farm |
| 14:52 | Construir | Farm |
| 15:13 | Crear | Spearman |
| 15:14 | Crear | Spearman |
| 15:14 | Crear | Spearman |
| 15:36 | Construir | Stable |
| 15:51 | Investigar | Double-Bit Axe |
| 16:42 | Edad | Edad de los Castillos |
| 16:58 | Crear | Villager (Male) |
| 16:58 | Crear | Villager (Male) |
| 17:09 | Construir | Town Center |
| 17:42 | Construir | Farm |
| 17:45 | Crear | Villager (Male) |
| 17:46 | Investigar | Wheelbarrow |
| 18:20 | Construir | Farm |
| 18:22 | Construir | Farm |
| 18:46 | Construir | Town Center |
| 18:57 | Crear | Spearman |
| 19:09 | Construir | Lumber Camp |
| 19:21 | Crear | Villager (Male) |
| 19:21 | Crear | Villager (Male) |
| 19:26 | Crear | Villager (Male) |
| 19:40 | Crear | Villager (Male) |
| 19:50 | Construir | Farm |
| 19:59 | Construir | Farm |
| 20:14 | Construir | Farm |
| 20:16 | Crear | Villager (Male) |
| 20:16 | Crear | Villager (Male) |
| 20:20 | Crear | Villager (Male) |
| 20:22 | Construir | Farm |
| 20:29 | Crear | Villager (Male) |
| 20:36 | Crear | Villager (Male) |
| 20:46 | Construir | Farm |
| 20:51 | Construir | Farm |
| 20:55 | Crear | Villager (Male) |
| 21:04 | Construir | Farm |
| 21:08 | Crear | Villager (Male) |
| 21:13 | Construir | Farm |
| 21:18 | Crear | Villager (Male) |
| 21:18 | Crear | Villager (Male) |
| 21:21 | Construir | Farm |
| 21:29 | Construir | Farm |
| 21:32 | Crear | Villager (Male) |
| 21:42 | Crear | Villager (Male) |
| 21:42 | Crear | Villager (Male) |
| 21:47 | Construir | Farm |
| 21:53 | Crear | Villager (Male) |
| 21:55 | Construir | Farm |
| 22:10 | Crear | Villager (Male) |
| 22:10 | Crear | Villager (Male) |
| 22:11 | Crear | Villager (Male) |
| 22:15 | Construir | House |
| 22:16 | Construir | House |
| 22:17 | Construir | House |
| 22:24 | Construir | Farm |
| 22:29 | Crear | Villager (Male) |
| 22:31 | Construir | Farm |
| 22:36 | Crear | Villager (Male) |
| 22:36 | Crear | Villager (Male) |
| 22:36 | Crear | Villager (Male) |
| 22:48 | Construir | Farm |
| 23:16 | Construir | Lumber Camp |
| 23:28 | Construir | Farm |
| 23:37 | Crear | Villager (Male) |
| 23:37 | Crear | Villager (Male) |
| 23:41 | Crear | Villager (Male) |
| 23:41 | Crear | Villager (Male) |
| 23:44 | Construir | Farm |
| 23:47 | Construir | Farm |
| 23:53 | Construir | House |
| 23:54 | Construir | House |
| 23:55 | Construir | House |
| 24:07 | Crear | Villager (Male) |
| 24:08 | Crear | Villager (Male) |
| 24:08 | Crear | Villager (Male) |
| 24:09 | Crear | Villager (Male) |
| 24:09 | Crear | Villager (Male) |
| 24:09 | Crear | Villager (Male) |
| 24:13 | Construir | Farm |
| 24:21 | Crear | Villager (Male) |
| 24:21 | Crear | Villager (Male) |
| 24:22 | Crear | Villager (Male) |
| 24:22 | Crear | Villager (Male) |
| 24:22 | Crear | Villager (Male) |
| 24:24 | Construir | Farm |
| 24:46 | Construir | Farm |
| 25:14 | Construir | Farm |
| 25:31 | Investigar | Hand Cart |
| 25:32 | Investigar | Town Watch |
| 25:36 | Construir | House |
| 25:37 | Construir | House |
| 25:39 | Construir | House |
| 25:49 | Construir | Monastery |
| 25:57 | Crear | Villager (Male) |
Build order — dannyicecold69
Primeras 150 de 267 acciones detectadas
| 0:03 | Construir | House |
| 0:05 | Construir | House |
| 0:12 | Crear | Villager (Male) |
| 0:12 | Crear | Villager (Male) |
| 0:12 | Crear | Villager (Male) |
| 0:13 | Crear | Villager (Male) |
| 1:36 | Crear | Villager (Male) |
| 2:02 | Construir | Lumber Camp |
| 2:09 | Crear | Villager (Male) |
| 2:09 | Crear | Villager (Male) |
| 2:33 | Crear | Villager (Male) |
| 2:56 | Construir | House |
| 2:58 | Construir | House |
| 3:05 | Crear | Villager (Male) |
| 3:05 | Crear | Villager (Male) |
| 3:17 | Crear | Villager (Male) |
| 3:51 | Crear | Villager (Male) |
| 4:12 | Crear | Villager (Male) |
| 4:13 | Crear | Villager (Male) |
| 4:51 | Crear | Villager (Male) |
| 4:51 | Crear | Villager (Male) |
| 5:13 | Crear | Villager (Male) |
| 5:13 | Crear | Villager (Male) |
| 6:28 | Crear | Villager (Male) |
| 6:29 | Crear | Villager (Male) |
| 6:29 | Crear | Villager (Male) |
| 6:34 | Crear | Villager (Male) |
| 6:34 | Crear | Villager (Male) |
| 6:50 | Crear | Villager (Male) |
| 6:50 | Crear | Villager (Male) |
| 6:50 | Crear | Villager (Male) |
| 6:57 | Construir | Mill |
| 8:03 | Construir | Mining Camp |
| 8:31 | Investigar | Feudal Age |
| 8:49 | Crear | Villager (Male) |
| 9:13 | Construir | House |
| 9:14 | Construir | House |
| 9:22 | Construir | House |
| 9:27 | Construir | House |
| 11:07 | Crear | Villager (Male) |
| 11:08 | Investigar | Loom |
| 11:20 | Construir | Barracks |
| 11:33 | Edad | Edad Feudal |
| 11:35 | Crear | Villager (Male) |
| 11:41 | Investigar | Double-Bit Axe |
| 11:43 | Investigar | Horse Collar |
| 11:47 | Construir | Farm |
| 11:52 | Construir | Farm |
| 12:05 | Crear | Villager (Male) |
| 12:16 | Construir | Farm |
| 12:25 | Construir | Stable |
| 12:30 | Construir | Farm |
| 12:31 | Crear | Villager (Male) |
| 12:52 | Construir | Farm |
| 13:06 | Crear | Villager (Male) |
| 13:16 | Construir | Farm |
| 13:24 | Construir | Blacksmith |
| 14:09 | Investigar | Castle Age |
| 15:17 | Investigar | Wheelbarrow |
| 15:40 | Construir | Lumber Camp |
| 15:55 | Crear | Villager (Male) |
| 15:55 | Crear | Villager (Male) |
| 16:39 | Investigar | Man-at-Arms (upgrade) |
| 16:41 | Crear | Militia |
| 16:49 | Edad | Edad de los Castillos |
| 16:57 | Investigar | Forging |
| 17:27 | Construir | Town Center |
| 17:55 | Construir | Town Center |
| 17:58 | Crear | Militia |
| 18:17 | Crear | Villager (Male) |
| 18:28 | Crear | Spearman |
| 18:51 | Crear | Villager (Male) |
| 18:52 | Crear | Villager (Male) |
| 18:52 | Crear | Villager (Male) |
| 19:06 | Construir | Farm |
| 19:06 | Construir | Farm |
| 19:06 | Construir | Farm |
| 19:07 | Construir | Farm |
| 19:07 | Construir | Farm |
| 19:10 | Crear | Villager (Male) |
| 19:28 | Crear | Villager (Male) |
| 19:36 | Construir | Farm |
| 19:39 | Construir | Farm |
| 19:44 | Construir | Farm |
| 19:46 | Crear | Villager (Male) |
| 20:04 | Crear | Villager (Male) |
| 20:07 | Crear | Villager (Male) |
| 20:07 | Crear | Villager (Male) |
| 20:17 | Crear | Villager (Male) |
| 20:18 | Crear | Villager (Male) |
| 20:25 | Construir | Farm |
| 20:29 | Construir | Farm |
| 20:31 | Crear | Villager (Male) |
| 20:36 | Construir | Farm |
| 20:39 | Crear | Villager (Male) |
| 20:48 | Crear | Villager (Male) |
| 21:11 | Crear | Villager (Male) |
| 21:13 | Crear | Villager (Male) |
| 21:13 | Crear | Villager (Male) |
| 21:26 | Construir | Farm |
| 21:29 | Construir | Farm |
| 21:30 | Crear | Villager (Male) |
| 21:31 | Crear | Villager (Male) |
| 21:31 | Crear | Villager (Male) |
| 21:35 | Construir | Farm |
| 21:40 | Construir | Mining Camp |
| 21:45 | Construir | Farm |
| 21:46 | Crear | Villager (Male) |
| 21:46 | Crear | Villager (Male) |
| 21:57 | Construir | Farm |
| 22:01 | Construir | Farm |
| 22:03 | Crear | Villager (Male) |
| 22:03 | Crear | Villager (Male) |
| 22:11 | Construir | House |
| 22:13 | Construir | House |
| 22:18 | Construir | House |
| 22:19 | Construir | House |
| 22:38 | Investigar | Long Swordsman (upgrade) |
| 22:42 | Crear | Knight |
| 23:23 | Construir | Farm |
| 23:23 | Construir | Farm |
| 23:23 | Construir | Farm |
| 23:24 | Construir | Farm |
| 23:26 | Crear | Villager (Male) |
| 23:26 | Crear | Villager (Male) |
| 23:26 | Crear | Villager (Male) |
| 23:28 | Crear | Knight |
| 23:29 | Crear | Knight |
| 23:52 | Construir | Archery Range |
| 23:56 | Crear | Villager (Male) |
| 23:56 | Crear | Villager (Male) |
| 23:58 | Crear | Villager (Male) |
| 23:58 | Crear | Villager (Male) |
| 23:59 | Crear | Villager (Male) |
| 24:01 | Crear | Villager (Male) |
| 24:02 | Crear | Villager (Male) |
| 24:02 | Crear | Villager (Male) |
| 24:16 | Construir | Farm |
| 24:17 | Construir | Farm |
| 24:24 | Crear | Knight |
| 24:48 | Crear | Knight |
| 24:49 | Crear | Knight |
| 24:49 | Crear | Knight |
| 24:49 | Crear | Knight |
| 24:50 | Crear | Knight |
| 24:50 | Crear | Knight |
| 24:50 | Crear | Knight |
| 24:50 | Crear | Knight |
| 24:51 | Crear | Knight |
| 24:51 | Crear | Knight |
Build order — Harold Baron
Primeras 150 de 287 acciones detectadas
| 0:01 | Crear | Villager (Male) |
| 0:01 | Crear | Villager (Male) |
| 0:02 | Construir | House |
| 0:04 | Construir | House |
| 0:49 | Crear | Villager (Male) |
| 0:49 | Crear | Villager (Male) |
| 0:49 | Crear | Villager (Male) |
| 1:39 | Crear | Villager (Male) |
| 1:50 | Construir | Lumber Camp |
| 2:08 | Investigar | Loom |
| 2:38 | Crear | Villager (Male) |
| 2:59 | Crear | Villager (Male) |
| 3:08 | Construir | House |
| 3:21 | Crear | Villager (Male) |
| 3:31 | Crear | Villager (Male) |
| 4:38 | Crear | Villager (Male) |
| 4:39 | Crear | Villager (Male) |
| 4:49 | Construir | Mill |
| 5:11 | Crear | Villager (Male) |
| 5:17 | Construir | House |
| 5:53 | Crear | Villager (Male) |
| 6:17 | Crear | Villager (Male) |
| 6:41 | Crear | Villager (Male) |
| 7:07 | Investigar | Feudal Age |
| 9:08 | Construir | Palisade Gate |
| 9:18 | Edad | Edad Feudal |
| 9:21 | Construir | House |
| 9:29 | Construir | Palisade Wall |
| 9:35 | Crear | Villager (Male) |
| 9:47 | Crear | Villager (Male) |
| 10:24 | Crear | Villager (Male) |
| 10:36 | Construir | Barracks |
| 10:49 | Crear | Villager (Male) |
| 11:08 | Crear | Villager (Male) |
| 11:30 | Crear | Villager (Male) |
| 11:43 | Construir | Stable |
| 11:46 | Crear | Villager (Male) |
| 11:54 | Construir | Stable |
| 12:30 | Crear | Villager (Male) |
| 12:36 | Construir | Mining Camp |
| 12:44 | Crear | Villager (Male) |
| 13:09 | Construir | House |
| 13:12 | Crear | Villager (Male) |
| 13:29 | Construir | Stone Wall |
| 13:32 | Construir | Stone Wall |
| 13:35 | Crear | Villager (Male) |
| 13:40 | Crear | Scout Cavalry ×5 |
| 13:43 | Crear | Scout Cavalry ×3 |
| 13:57 | Construir | Farm |
| 13:57 | Construir | Farm |
| 13:58 | Construir | Farm |
| 13:59 | Construir | Farm |
| 14:00 | Construir | Farm |
| 14:01 | Construir | Farm |
| 14:01 | Construir | Farm |
| 14:02 | Construir | Farm |
| 14:30 | Construir | House |
| 15:24 | Crear | Villager (Male) |
| 15:32 | Crear | Scout Cavalry ×2 |
| 15:43 | Construir | Farm |
| 15:44 | Construir | Farm |
| 15:45 | Construir | Farm |
| 15:46 | Construir | Farm |
| 16:01 | Construir | Farm |
| 16:04 | Crear | Villager (Male) |
| 16:04 | Crear | Villager (Male) |
| 16:30 | Crear | Villager (Male) |
| 16:35 | Construir | House |
| 16:41 | Construir | House |
| 16:44 | Crear | Villager (Male) |
| 17:09 | Crear | Villager (Male) |
| 17:42 | Crear | Villager (Male) |
| 18:11 | Crear | Villager (Male) |
| 18:34 | Crear | Villager (Male) |
| 19:00 | Crear | Villager (Male) |
| 19:23 | Crear | Villager (Male) |
| 19:32 | Crear | Villager (Male) |
| 19:37 | Construir | House |
| 19:54 | Crear | Villager (Male) |
| 20:10 | Construir | Gate |
| 20:19 | Crear | Villager (Male) |
| 20:34 | Construir | Farm |
| 20:34 | Construir | Farm |
| 20:35 | Construir | Farm |
| 20:36 | Construir | Farm |
| 20:36 | Construir | Farm |
| 20:37 | Construir | Farm |
| 20:38 | Construir | Farm |
| 20:39 | Construir | Farm |
| 20:39 | Construir | Farm |
| 20:56 | Construir | Blacksmith |
| 21:03 | Construir | Market |
| 21:08 | Crear | Villager (Male) |
| 21:11 | Construir | Farm |
| 21:28 | Investigar | Castle Age |
| 21:54 | Construir | House |
| 21:59 | Construir | House |
| 22:06 | Construir | House |
| 22:10 | Construir | House |
| 22:39 | Investigar | Double-Bit Axe |
| 22:56 | Crear | Villager (Male) |
| 23:49 | Construir | Archery Range |
| 24:13 | Edad | Edad de los Castillos |
| 24:28 | Construir | Archery Range |
| 24:34 | Investigar | Horse Collar |
| 24:36 | Crear | Villager (Male) |
| 24:58 | Crear | Villager (Male) |
| 25:10 | Crear | Villager (Male) |
| 25:16 | Crear | Cavalry Archer ×4 |
| 25:35 | Investigar | Bow Saw |
| 25:45 | Crear | Villager (Male) |
| 26:27 | Construir | Town Center |
| 26:32 | Investigar | Wheelbarrow |
| 26:33 | Crear | Villager (Male) |
| 26:33 | Crear | Villager (Male) |
| 26:36 | Crear | Villager (Male) |
| 26:37 | Crear | Villager (Male) |
| 26:47 | Construir | House |
| 26:52 | Construir | House |
| 27:07 | Investigar | Heavy Plow |
| 27:40 | Construir | House |
| 27:47 | Construir | House |
| 27:49 | Construir | House |
| 27:53 | Construir | House |
| 27:55 | Construir | House |
| 27:58 | Construir | House |
| 28:01 | Crear | Villager (Male) |
| 28:20 | Investigar | Fletching |
| 28:27 | Crear | Villager (Male) |
| 28:28 | Crear | Villager (Male) |
| 28:30 | Crear | Villager (Male) |
| 28:31 | Crear | Villager (Male) |
| 28:33 | Crear | Villager (Male) |
| 28:33 | Crear | Villager (Male) |
| 28:58 | Crear | Villager (Male) |
| 29:23 | Construir | University |
| 29:28 | Crear | Villager (Male) |
| 29:41 | Construir | Monastery |
| 29:48 | Construir | Mining Camp |
| 29:53 | Crear | Villager (Male) |
| 29:54 | Crear | Villager (Male) |
| 29:54 | Crear | Villager (Male) |
| 30:10 | Investigar | Bodkin Arrow |
| 30:13 | Investigar | Padded Archer Armor |
| 30:16 | Crear | Villager (Male) |
| 30:17 | Crear | Villager (Male) |
| 30:37 | Investigar | Hand Cart |
| 30:38 | Crear | Villager (Male) |
| 30:39 | Crear | Villager (Male) |
| 30:39 | Crear | Villager (Male) |
Build order — douchesupreme
Primeras 150 de 233 acciones detectadas
| 0:03 | Crear | Villager (Male) ×4 |
| 0:03 | Crear | Villager (Male) ×4 |
| 0:05 | Construir | House |
| 0:07 | Construir | House |
| 1:26 | Crear | Villager (Male) |
| 1:26 | Crear | Villager (Male) |
| 1:58 | Crear | Villager (Male) |
| 2:21 | Crear | Villager (Male) |
| 2:52 | Crear | Villager (Male) |
| 2:56 | Investigar | Loom |
| 3:15 | Crear | Villager (Male) |
| 3:43 | Crear | Villager (Male) |
| 3:43 | Crear | Villager (Male) |
| 3:48 | Construir | House |
| 3:52 | Construir | House |
| 3:58 | Crear | Villager (Male) |
| 4:27 | Crear | Villager (Male) |
| 4:40 | Construir | Lumber Camp |
| 4:56 | Construir | Palisade Wall |
| 5:02 | Crear | Villager (Male) |
| 5:02 | Crear | Villager (Male) |
| 5:02 | Crear | Villager (Male) |
| 5:56 | Crear | Villager (Male) |
| 6:04 | Construir | Mill |
| 6:20 | Construir | Palisade Wall |
| 6:58 | Crear | Villager (Male) |
| 6:59 | Crear | Villager (Male) |
| 6:59 | Crear | Villager (Male) |
| 6:59 | Crear | Villager (Male) |
| 8:23 | Construir | Palisade Wall |
| 8:47 | Investigar | Feudal Age |
| 9:57 | Construir | Palisade Wall |
| 10:12 | Construir | Barracks |
| 10:32 | Construir | Palisade Gate |
| 10:57 | Edad | Edad Feudal |
| 11:02 | Crear | Villager (Male) ×5 |
| 11:52 | Construir | Market |
| 11:56 | Construir | House |
| 12:00 | Construir | House |
| 12:01 | Construir | House |
| 12:03 | Construir | House |
| 12:08 | Construir | Palisade Wall |
| 13:08 | Construir | Mining Camp |
| 13:33 | Crear | Villager (Male) |
| 14:06 | Crear | Villager (Male) |
| 14:15 | Construir | Farm |
| 14:16 | Construir | Farm |
| 14:17 | Construir | Farm |
| 14:31 | Construir | Farm |
| 14:32 | Construir | Farm |
| 14:35 | Construir | Farm |
| 14:36 | Construir | Farm |
| 14:51 | Construir | Farm |
| 14:53 | Construir | Farm |
| 14:54 | Construir | Farm |
| 14:55 | Construir | Farm |
| 15:05 | Crear | Villager (Male) |
| 15:46 | Crear | Villager (Male) |
| 15:55 | Construir | House |
| 15:56 | Construir | House |
| 16:24 | Crear | Villager (Male) |
| 16:30 | Construir | Blacksmith |
| 16:52 | Investigar | Double-Bit Axe |
| 16:57 | Investigar | Castle Age |
| 17:03 | Construir | House |
| 17:22 | Construir | Stone Wall |
| 18:02 | Construir | Stone Wall |
| 18:12 | Construir | Stone Wall |
| 18:23 | Construir | House |
| 18:24 | Construir | House |
| 18:25 | Construir | House |
| 18:53 | Construir | Stone Wall |
| 19:04 | Construir | House |
| 19:17 | Crear | Villager (Male) ×5 |
| 19:37 | Edad | Edad de los Castillos |
| 19:41 | Construir | Barracks |
| 19:45 | Crear | Villager (Male) ×5 |
| 19:58 | Construir | Town Center |
| 20:19 | Crear | Villager (Male) |
| 20:23 | Crear | Spearman |
| 20:23 | Crear | Spearman |
| 20:24 | Crear | Spearman |
| 20:26 | Crear | Spearman |
| 20:31 | Construir | Barracks |
| 21:29 | Investigar | Pikeman (upgrade) |
| 21:33 | Construir | House |
| 21:34 | Construir | House |
| 21:47 | Crear | Villager (Male) ×5 |
| 21:50 | Construir | Farm |
| 21:58 | Crear | Spearman |
| 22:18 | Crear | Spearman |
| 22:18 | Crear | Spearman |
| 22:33 | Construir | House |
| 22:39 | Crear | Villager (Male) ×2 |
| 23:28 | Investigar | Horse Collar |
| 23:32 | Crear | Villager (Male) ×2 |
| 23:40 | Construir | Gate |
| 24:25 | Crear | Villager (Male) ×2 |
| 24:48 | Construir | Mill |
| 24:51 | Construir | Farm |
| 24:53 | Construir | Farm |
| 24:54 | Construir | Farm |
| 24:55 | Construir | Farm |
| 24:56 | Construir | Farm |
| 24:57 | Construir | Farm |
| 24:58 | Construir | Farm |
| 25:01 | Construir | Farm |
| 25:05 | Construir | Farm |
| 25:08 | Construir | Farm |
| 25:13 | Crear | Villager (Male) ×3 |
| 25:55 | Crear | Villager (Male) ×3 |
| 26:08 | Construir | Siege Workshop |
| 26:10 | Construir | Siege Workshop |
| 26:12 | Construir | Siege Workshop |
| 26:16 | Crear | Villager (Male) ×3 |
| 26:42 | Construir | University |
| 26:50 | Investigar | Gold Mining |
| 26:56 | Investigar | Bow Saw |
| 27:00 | Crear | Villager (Male) |
| 27:31 | Investigar | Wheelbarrow |
| 27:53 | Construir | Town Center |
| 28:04 | Construir | Castle |
| 28:08 | Construir | Mining Camp |
| 28:12 | Crear | Villager (Male) ×5 |
| 28:22 | Construir | Farm |
| 28:23 | Construir | Farm |
| 28:24 | Construir | Farm |
| 28:29 | Construir | House |
| 28:30 | Construir | House |
| 28:34 | Construir | House |
| 28:35 | Construir | House |
| 28:37 | Construir | House |
| 28:37 | Construir | House |
| 28:40 | Construir | House |
| 28:42 | Construir | House |
| 28:44 | Construir | House |
| 28:46 | Construir | House |
| 28:52 | Crear | Scorpion |
| 29:44 | Investigar | Hand Cart |
| 29:45 | Crear | Villager (Male) ×5 |
| 29:49 | Crear | Villager (Male) ×4 |
| 30:28 | Crear | Villager (Male) ×5 |
| 30:32 | Crear | Villager (Male) |
| 30:41 | Construir | Mill |
| 30:43 | Construir | Farm |
| 30:44 | Construir | Farm |
| 30:45 | Construir | Farm |
| 30:46 | Construir | Farm |
| 30:48 | Construir | Farm |
| 30:49 | Construir | Farm |
Build order — nicocatala1988
Primeras 150 de 303 acciones detectadas
| 0:01 | Investigar | Loom |
| 0:01 | Investigar | Loom |
| 0:05 | Construir | House |
| 0:06 | Crear | Villager (Male) |
| 0:06 | Crear | Villager (Male) |
| 0:06 | Crear | Villager (Male) |
| 0:06 | Crear | Villager (Male) |
| 0:08 | Construir | House |
| 0:09 | Crear | Villager (Male) |
| 0:09 | Crear | Villager (Male) |
| 1:37 | Crear | Villager (Male) |
| 1:37 | Crear | Villager (Male) |
| 2:15 | Construir | Lumber Camp |
| 2:16 | Crear | Villager (Male) |
| 2:17 | Crear | Villager (Male) |
| 2:46 | Crear | Villager (Male) |
| 2:46 | Crear | Villager (Male) |
| 3:18 | Crear | Villager (Male) |
| 3:18 | Crear | Villager (Male) |
| 3:20 | Construir | House |
| 3:29 | Crear | Villager (Male) |
| 3:30 | Crear | Villager (Male) |
| 3:56 | Construir | Mill |
| 4:05 | Crear | Villager (Male) |
| 4:05 | Crear | Villager (Male) |
| 5:07 | Crear | Villager (Male) |
| 5:08 | Crear | Villager (Male) |
| 5:53 | Crear | Villager (Male) |
| 6:13 | Crear | Villager (Male) |
| 7:19 | Investigar | Feudal Age |
| 8:55 | Construir | Barracks |
| 9:01 | Construir | House |
| 9:27 | Crear | Villager (Male) |
| 9:27 | Crear | Villager (Male) |
| 9:49 | Crear | Villager (Male) |
| 9:55 | Construir | Farm |
| 9:55 | Crear | Villager (Male) |
| 10:04 | Investigar | Double-Bit Axe |
| 10:08 | Investigar | Horse Collar |
| 10:24 | Construir | Farm |
| 10:34 | Crear | Villager (Male) |
| 11:05 | Construir | Stable |
| 11:07 | Construir | House |
| 11:12 | Crear | Villager (Male) |
| 11:19 | Construir | Farm |
| 11:22 | Construir | Farm |
| 11:24 | Construir | Farm |
| 11:25 | Crear | Villager (Male) |
| 11:49 | Construir | House |
| 11:52 | Construir | House |
| 12:03 | Crear | Villager (Male) |
| 12:16 | Crear | Scout Cavalry ×5 |
| 12:22 | Construir | Farm |
| 12:40 | Construir | Blacksmith |
| 13:07 | Construir | Farm |
| 13:14 | Crear | Villager (Male) |
| 13:26 | Construir | House |
| 13:28 | Investigar | Forging |
| 13:34 | Crear | Villager (Male) |
| 13:48 | Construir | Farm |
| 13:49 | Crear | Villager (Male) |
| 14:20 | Construir | Farm |
| 14:25 | Construir | Farm |
| 14:27 | Construir | House |
| 14:40 | Construir | Farm |
| 14:41 | Crear | Villager (Male) |
| 15:26 | Crear | Scout Cavalry |
| 15:29 | Construir | Farm |
| 15:34 | Construir | Stable |
| 15:40 | Investigar | Scale Barding Armor |
| 15:41 | Crear | Villager (Male) |
| 15:41 | Crear | Villager (Male) |
| 15:42 | Crear | Villager (Male) |
| 15:42 | Crear | Villager (Male) |
| 15:45 | Construir | Farm |
| 15:51 | Crear | Villager (Male) |
| 15:51 | Crear | Villager (Male) |
| 16:07 | Crear | Villager (Male) |
| 16:12 | Construir | Farm |
| 16:17 | Construir | Farm |
| 16:33 | Construir | House |
| 16:36 | Crear | Scout Cavalry ×2 |
| 16:41 | Construir | Farm |
| 17:16 | Crear | Spearman |
| 17:16 | Crear | Spearman |
| 17:28 | Crear | Villager (Male) |
| 17:28 | Crear | Villager (Male) |
| 17:32 | Construir | Farm |
| 17:34 | Construir | Farm |
| 17:35 | Crear | Villager (Male) |
| 17:35 | Crear | Villager (Male) |
| 17:47 | Construir | House |
| 17:56 | Crear | Villager (Male) |
| 17:56 | Crear | Villager (Male) |
| 18:23 | Construir | Mining Camp |
| 18:48 | Construir | House |
| 19:33 | Construir | Lumber Camp |
| 19:49 | Construir | House |
| 20:28 | Construir | Market |
| 20:48 | Investigar | Castle Age |
| 21:19 | Construir | Lumber Camp |
| 22:08 | Construir | House |
| 22:55 | Construir | House |
| 23:25 | Investigar | Bloodlines |
| 23:26 | Investigar | Husbandry |
| 23:27 | Crear | Camel Scout ×5 |
| 23:28 | Crear | Camel Scout ×5 |
| 23:28 | Crear | Camel Scout ×4 |
| 23:40 | Crear | Villager (Male) |
| 23:43 | Construir | House |
| 23:51 | Construir | Town Center |
| 24:02 | Crear | Camel Scout ×2 |
| 24:02 | Crear | Camel Scout ×2 |
| 24:08 | Crear | Villager (Male) |
| 24:08 | Crear | Villager (Male) |
| 24:11 | Crear | Villager (Male) |
| 24:11 | Crear | Villager (Male) |
| 24:15 | Construir | House |
| 24:34 | Crear | Villager (Male) |
| 24:35 | Crear | Villager (Male) |
| 24:49 | Crear | Camel Scout ×2 |
| 24:51 | Crear | Villager (Male) |
| 24:55 | Construir | Farm |
| 24:59 | Construir | House |
| 25:21 | Construir | Farm |
| 25:23 | Investigar | Bow Saw |
| 25:28 | Construir | Farm |
| 25:29 | Crear | Villager (Male) |
| 25:29 | Crear | Villager (Male) |
| 26:04 | Construir | Farm |
| 26:11 | Crear | Villager (Male) |
| 26:12 | Crear | Villager (Male) |
| 26:12 | Crear | Villager (Male) |
| 26:45 | Construir | Stable |
| 26:51 | Investigar | Chain Barding Armor |
| 26:54 | Construir | Farm |
| 26:59 | Crear | Villager (Male) |
| 26:59 | Crear | Villager (Male) |
| 27:52 | Construir | Town Center |
| 28:03 | Construir | Mining Camp |
| 28:13 | Construir | Siege Workshop |
| 28:15 | Crear | Villager (Male) |
| 28:15 | Crear | Villager (Male) |
| 28:16 | Crear | Villager (Male) |
| 28:20 | Crear | Camel Scout ×5 |
| 28:21 | Crear | Villager (Male) |
| 28:21 | Crear | Villager (Male) |
| 28:30 | Construir | Farm |
| 28:33 | Construir | Farm |
| 28:38 | Investigar | Heavy Plow |
Build order — EL PELUCHE GUACHIN
Primeras 150 de 395 acciones detectadas
| 0:13 | Construir | House |
| 0:15 | Construir | House |
| 0:15 | Crear | Villager (Male) |
| 0:15 | Crear | Villager (Male) |
| 0:16 | Crear | Villager (Male) |
| 0:16 | Crear | Villager (Male) |
| 1:44 | Crear | Villager (Male) |
| 1:44 | Crear | Villager (Male) |
| 1:45 | Crear | Villager (Male) |
| 1:59 | Construir | Mill |
| 2:16 | Crear | Villager (Male) |
| 2:16 | Crear | Villager (Male) |
| 2:16 | Crear | Villager (Male) |
| 2:25 | Construir | House |
| 2:34 | Crear | Villager (Male) |
| 2:34 | Crear | Villager (Male) |
| 2:34 | Crear | Villager (Male) |
| 3:00 | Crear | Villager (Male) |
| 3:00 | Crear | Villager (Male) |
| 3:01 | Crear | Villager (Male) |
| 3:29 | Crear | Villager (Male) |
| 3:30 | Crear | Villager (Male) |
| 3:30 | Crear | Villager (Male) |
| 3:49 | Crear | Villager (Male) |
| 3:49 | Crear | Villager (Male) |
| 3:50 | Crear | Villager (Male) |
| 4:06 | Crear | Villager (Male) |
| 4:06 | Crear | Villager (Male) |
| 5:06 | Crear | Villager (Male) |
| 5:06 | Crear | Villager (Male) |
| 5:06 | Crear | Villager (Male) |
| 5:07 | Crear | Villager (Male) |
| 5:07 | Crear | Villager (Male) |
| 5:07 | Crear | Villager (Male) |
| 5:25 | Construir | House |
| 5:30 | Crear | Villager (Male) |
| 5:30 | Crear | Villager (Male) |
| 5:30 | Crear | Villager (Male) |
| 5:31 | Crear | Villager (Male) |
| 7:05 | Crear | Villager (Male) |
| 7:24 | Crear | Villager (Male) |
| 7:34 | Construir | Lumber Camp |
| 8:09 | Construir | House |
| 8:18 | Crear | Villager (Male) |
| 8:19 | Crear | Villager (Male) |
| 9:13 | Construir | Mining Camp |
| 9:23 | Investigar | Feudal Age |
| 9:31 | Construir | House |
| 10:26 | Crear | Villager (Male) |
| 10:27 | Crear | Villager (Male) |
| 10:35 | Crear | Villager (Male) |
| 11:21 | Construir | Mill |
| 11:35 | Edad | Edad Feudal |
| 12:10 | Construir | Mining Camp |
| 12:31 | Construir | House |
| 12:53 | Crear | Villager (Male) |
| 12:54 | Crear | Villager (Male) |
| 12:58 | Investigar | Double-Bit Axe |
| 13:18 | Construir | Farm |
| 13:20 | Construir | Farm |
| 13:22 | Construir | Farm |
| 13:23 | Construir | Farm |
| 13:25 | Construir | Farm |
| 13:26 | Construir | Farm |
| 13:28 | Construir | Farm |
| 13:30 | Construir | Farm |
| 13:35 | Construir | Farm |
| 13:41 | Crear | Villager (Male) |
| 13:56 | Construir | Farm |
| 14:03 | Crear | Villager (Male) |
| 14:09 | Construir | Farm |
| 14:14 | Construir | Farm |
| 14:20 | Construir | Farm |
| 14:23 | Crear | Villager (Male) |
| 14:29 | Construir | Farm |
| 14:35 | Crear | Villager (Male) |
| 14:46 | Construir | Farm |
| 15:03 | Construir | Farm |
| 15:31 | Crear | Villager (Male) |
| 15:35 | Construir | Market |
| 15:57 | Crear | Villager (Male) |
| 16:08 | Construir | Blacksmith |
| 16:12 | Crear | Villager (Male) |
| 16:31 | Construir | House |
| 16:40 | Crear | Villager (Male) |
| 16:47 | Investigar | Horse Collar |
| 16:55 | Investigar | Gold Mining |
| 17:06 | Crear | Villager (Male) |
| 17:21 | Investigar | Castle Age |
| 18:02 | Construir | Stone Wall |
| 18:12 | Investigar | Stone Mining |
| 19:15 | Construir | House |
| 19:54 | Construir | Stone Wall |
| 19:56 | Construir | Stone Wall |
| 20:12 | Construir | Gate |
| 20:17 | Edad | Edad de los Castillos |
| 20:22 | Construir | Town Center |
| 20:39 | Construir | Town Center |
| 20:43 | Crear | Villager (Male) |
| 20:43 | Crear | Villager (Male) |
| 20:50 | Crear | Villager (Male) |
| 20:51 | Crear | Villager (Male) |
| 20:55 | Crear | Villager (Male) |
| 21:25 | Crear | Villager (Male) |
| 21:25 | Crear | Villager (Male) |
| 21:29 | Crear | Villager (Male) |
| 21:33 | Crear | Villager (Male) |
| 22:16 | Crear | Villager (Male) |
| 22:18 | Crear | Villager (Male) |
| 22:18 | Crear | Villager (Male) |
| 22:19 | Crear | Villager (Male) |
| 22:30 | Crear | Villager (Male) |
| 22:34 | Construir | Town Center |
| 22:52 | Construir | Farm |
| 22:58 | Crear | Villager (Male) |
| 22:59 | Crear | Villager (Male) |
| 22:59 | Crear | Villager (Male) |
| 23:01 | Crear | Villager (Male) |
| 23:01 | Crear | Villager (Male) |
| 23:02 | Crear | Villager (Male) |
| 23:02 | Crear | Villager (Male) |
| 23:21 | Construir | Farm |
| 23:33 | Crear | Villager (Male) |
| 23:34 | Crear | Villager (Male) |
| 23:36 | Construir | Farm |
| 23:37 | Crear | Villager (Male) |
| 23:37 | Crear | Villager (Male) |
| 23:38 | Crear | Villager (Male) |
| 23:39 | Crear | Villager (Male) |
| 23:52 | Construir | Stone Wall |
| 23:59 | Construir | Farm |
| 24:02 | Crear | Villager (Male) |
| 24:02 | Crear | Villager (Male) |
| 24:15 | Investigar | Bow Saw |
| 24:18 | Construir | Farm |
| 24:20 | Construir | Farm |
| 24:23 | Construir | Farm |
| 24:25 | Crear | Villager (Male) |
| 24:27 | Investigar | Heavy Plow |
| 24:27 | Investigar | Heavy Plow |
| 25:27 | Construir | House |
| 25:47 | Crear | Villager (Male) |
| 25:47 | Crear | Villager (Male) |
| 25:48 | Crear | Villager (Male) |
| 25:49 | Crear | Villager (Male) |
| 25:50 | Crear | Villager (Male) |
| 25:50 | Crear | Villager (Male) |
| 25:52 | Construir | Farm |
| 25:54 | Crear | Villager (Male) |
| 25:55 | Crear | Villager (Male) |
Cronología de la partida
| 4:56 | douchesupreme · wall_segment Palisade Wall x7 |
| 6:20 | douchesupreme · wall_segment Palisade Wall x22 |
| 7:25 | TVHG.llavero maldito · wall_segment Palisade Wall x7 |
| 8:19 | TVHG.llavero maldito · wall_segment Palisade Wall x1 |
| 8:20 | zzbs1234 · first_building Barracks |
| 8:23 | douchesupreme · wall_segment Palisade Wall x6 |
| 8:53 | TVHG.llavero maldito · first_building Barracks |
| 8:55 | nicocatala1988 · first_building Barracks |
| 9:18 | Harold Baron · age_up feudal |
| 9:29 | Harold Baron · wall_segment Palisade Wall x1 |
| 9:30 | TVHG.llavero maldito · wall_segment Palisade Wall x3 |
| 9:57 | douchesupreme · wall_segment Palisade Wall x23 |
| 9:58 | zzbs1234 · age_up feudal |
| 10:00 | TVHG.llavero maldito · wall_segment Palisade Wall x13 |
| 10:06 | TheYolis · first_building Barracks |
| 10:12 | douchesupreme · first_building Barracks |
| 10:36 | Harold Baron · first_building Barracks |
| 10:57 | douchesupreme · age_up feudal |
| 11:05 | nicocatala1988 · first_building Stable |
| 11:20 | dannyicecold69 · first_building Barracks |
| 11:22 | TheYolis · age_up feudal |
| 11:29 | TVHG.llavero maldito · wall_segment Palisade Wall x1 |
| 11:33 | dannyicecold69 · age_up feudal |
| 11:35 | EL PELUCHE GUACHIN · age_up feudal |
| 11:39 | zzbs1234 · first_building Archery Range |
| 11:43 | Harold Baron · first_building Stable |
| 11:56 | TVHG.llavero maldito · age_up feudal |
| 12:08 | douchesupreme · wall_segment Palisade Wall x1 |
| 12:20 | TVHG.llavero maldito · wall_segment Palisade Wall x1 |
| 12:25 | dannyicecold69 · first_building Stable |
| 12:48 | TheYolis · wall_segment Stone Wall x12 |
| 13:29 | Harold Baron · wall_segment Stone Wall x24 |
| 13:32 | Harold Baron · wall_segment Stone Wall x10 |
| 14:27 | zzbs1234 · wall_segment Palisade Wall x1 |
| 15:14 | TVHG.llavero maldito · wall_segment Palisade Wall x1 |
| 15:36 | TheYolis · first_building Stable |
| 16:42 | TheYolis · age_up castle |
| 16:49 | dannyicecold69 · age_up castle |
| 16:51 | TVHG.llavero maldito · first_market_sell 500 wood |
| 16:52 | TVHG.llavero maldito · first_market_buy 100 food |
| 17:22 | douchesupreme · wall_segment Stone Wall x3 |
| 18:02 | EL PELUCHE GUACHIN · wall_segment Stone Wall x13 |
| 18:02 | douchesupreme · wall_segment Stone Wall x4 |
| 18:12 | douchesupreme · wall_segment Stone Wall x10 |
| 18:26 | TheYolis · first_market_sell 100 wood |
| 18:35 | TheYolis · first_market_buy 100 stone |
| 18:53 | douchesupreme · wall_segment Stone Wall x6 |
| 18:53 | TVHG.llavero maldito · first_building Archery Range |
| 19:37 | douchesupreme · age_up castle |
| 19:54 | EL PELUCHE GUACHIN · wall_segment Stone Wall x27 |
| 19:56 | EL PELUCHE GUACHIN · wall_segment Stone Wall x9 |
| 20:17 | EL PELUCHE GUACHIN · age_up castle |
| 20:27 | TVHG.llavero maldito · age_up castle |
| 22:11 | zzbs1234 · age_up castle |
| 22:16 | zzbs1234 · first_building Castle |
| 22:23 | nicocatala1988 · first_market_sell 100 food |
| 23:49 | Harold Baron · first_building Archery Range |
| 23:52 | dannyicecold69 · first_building Archery Range |
| 23:52 | EL PELUCHE GUACHIN · wall_segment Stone Wall x3 |
| 24:13 | Harold Baron · age_up castle |
| 25:49 | TheYolis · first_building Monastery |
| 25:50 | TVHG.llavero maldito · first_building Siege Workshop |
| 26:02 | Harold Baron · first_market_sell 100 food |
| 26:05 | Harold Baron · first_market_buy 100 wood |
| 26:08 | douchesupreme · first_building Siege Workshop |
| 26:11 | EL PELUCHE GUACHIN · first_market_buy 500 stone |
| 27:08 | EL PELUCHE GUACHIN · first_building Castle |
| 27:13 | zzbs1234 · first_building Siege Workshop |
| 27:30 | EL PELUCHE GUACHIN · first_building Siege Workshop |
| 28:04 | douchesupreme · first_building Castle |
| 28:13 | nicocatala1988 · first_building Siege Workshop |
| 28:26 | dannyicecold69 · first_building Monastery |
| 29:41 | Harold Baron · first_building Monastery |
| 30:20 | TheYolis · tribute_sent a jugador 1 |
| 30:20 | TheYolis · tribute_sent a jugador 3 |
| 30:20 | TheYolis · tribute_sent a jugador 4 |
| 30:20 | TheYolis · tribute_sent a jugador 5 |
| 30:20 | TheYolis · tribute_sent a jugador 6 |
| 30:20 | TheYolis · tribute_sent a jugador 7 |
| 30:20 | TheYolis · tribute_sent a jugador 8 |
| 31:12 | EL PELUCHE GUACHIN · wall_segment Stone Wall x5 |
| 33:32 | Harold Baron · first_building Castle |
| 33:46 | nicocatala1988 · first_building Monastery |
| 33:54 | zzbs1234 · resign |
| 34:27 | TheYolis · tribute_sent a jugador 1 |
| 34:27 | TheYolis · tribute_sent a jugador 3 |
| 34:27 | TheYolis · tribute_sent a jugador 4 |
| 34:27 | TheYolis · tribute_sent a jugador 5 |
| 34:27 | TheYolis · tribute_sent a jugador 6 |
| 34:27 | TheYolis · tribute_sent a jugador 7 |
| 34:27 | TheYolis · tribute_sent a jugador 8 |
| 35:49 | TVHG.llavero maldito · first_building Monastery |
| 35:56 | nicocatala1988 · first_market_buy 100 food |
| 36:23 | douchesupreme · age_up imperial |
| 36:30 | nicocatala1988 · first_building Castle |
| 36:38 | TheYolis · age_up imperial |
| 37:28 | TheYolis · first_building Siege Workshop |
| 37:44 | TVHG.llavero maldito · first_building Castle |
| 39:35 | Harold Baron · first_building Siege Workshop |
| 39:51 | TVHG.llavero maldito · age_up imperial |
| 40:17 | EL PELUCHE GUACHIN · first_building Barracks |
| 41:44 | Harold Baron · age_up imperial |
| 42:50 | EL PELUCHE GUACHIN · first_market_sell 500 stone |
| 42:58 | EL PELUCHE GUACHIN · age_up imperial |
| 45:30 | TVHG.llavero maldito · wall_segment Stone Wall x1 |
[ ANÁLISIS IA · 1 CRÉDITO ]
¿Qué pasó realmente en esta partida?
Wolo.gg analiza cada decisión: build order, eco, micro, errores típicos por bracket. Análisis personalizado por WhatsApp o Discord en 30 segundos.
Guía civ
Vietnamitas
Perfil
Jugador #21661866